AoeStats
← kamolenko

Hideout

509586364Analyzed
1v1 RM · 5d ago on Sep 27, 2026· 40m 46s· 2 players
Game mode
Random Map
Map size
Tiny (2 player)
Population
200
Speed
Normal
Resources
Standard
Victory
Conquest
Starting age
Dark Age
Ending age
Imperial Age
RankedLock teamsTeams togetherTeam positionsShared explorationLock speedFull tech treeHidden civsTurbo modeCheats
Victory
Defeat
🇵🇱 Britons · Poland
784
+15
🇹🇼 Vietnamese · Taiwan
755
-15
taerock2007
3:56 Loom
10:21 Feudal Age
10:47 Double-Bit Axe
10:43 Horse Collar
18:33 Castle Age
18:16 Town Watch
19:09 Wheelbarrow
18:20 Town Watch
19:30 Bow Saw
19:25 Heavy Plow
20:47 Fletching
20:59 Padded Archer Armor
21:06 Loom
22:10 Hand Cart
23:32 Gold Mining
24:54 Bodkin Arrow
25:51 Bloodlines
25:05 Elite Skirmisher
25:50 Stone Mining
27:09 Leather Archer Armor
27:06 Forging
28:03 Ballistics
27:26 Treadmill Crane
27:57 Masonry
27:57 Scale Barding Armor
29:03 Town Patrol
30:09 Thumb Ring
33:52 Imperial Age
32:50 Iron Casting
32:35 Chain Barding Armor
33:49 Husbandry
34:58 Paper Money
35:42 Two-Man Saw
35:14 Crop Rotation
34:19 Imperial Skirmisher
35:32 Chatras
40:23 Elite Battle Elephant
kamolenko
2:19 Loom
11:04 Feudal Age
14:54 Castle Age
13:46 Double-Bit Axe
14:05 Stone Mining
14:45 Horse Collar
14:58 Gold Mining
18:14 Wheelbarrow
19:37 Town Watch
23:24 Fletching
25:17 Hand Cart
30:50 Imperial Age
28:56 Town Patrol
30:06 Bow Saw
30:36 Gold Shaft Mining
30:05 Padded Archer Armor
30:48 Murder Holes
31:04 Fortified Wall
31:13 Elite Longbowman
33:06 Conscription
33:41 Bodkin Arrow
34:23 Leather Archer Armor
35:45 Chemistry
35:24 Bracer
35:55 Ring Archer Armor
36:39 Two-Man Saw
36:21 Masonry
36:35 Ballistics
38:38 Heavy Plow
40:18 Treadmill Crane
Connection lost

Rejoining the realm…

Still unreachable

The connection could not be restored.

Session expired

The server has moved on; the page needs a fresh start.